 Dungeon Crawl Stone Soup version 0.31-a0-986-g5e6e4ef867 (webtiles) character file.

Game seed: 7982679936893277097

238 pokeman the Magician (level 5, 0/29 HPs)
             Began as a Deep Elf Hedge Wizard on Nov 10, 2023.
             Slain by a lindwurm (glowing shapeshifter) (13 damage)
             ... on level 5 of the Dungeon.
             The game lasted 00:05:54 (5307 turns).

pokeman the Magician (Deep Elf Hedge Wizard)        Turns: 5307, Time: 00:05:54

Health: 0/29       AC:  5    Str:  7    XL:     5   Next: 78%
Magic:  3/15       EV: 28    Int: 21    God:
Gold:   205        SH:  0    Dex: 14    Spells: 8/16 levels left

rFire   + + .        y - +3 quarterstaff (chaos)
rCold   . . .        (shield currently unavailable)
rNeg    . . .        b - +0 robe
rPois   .            v - +1 helmet
rElec   .            z - +0 cloak
rCorr   .            (no gloves)
SInv    .            (no boots)
Will    .....        t - amulet of the acrobat
Stlth   ++           k - ring of protection from fire
HPRegen 0.24/turn    r - ring of protection from fire
MPRegen 0.14/turn

%: acrobat
@: acrobatic
A: no striking features
a: no special abilities


You were on level 5 of the Dungeon.
You visited 1 branch of the dungeon, and saw 5 of its levels.

You collected 205 gold pieces.

Inventory:

Hand Weapons
 y - a +3 quarterstaff of chaos (weapon)
Armour
 b - a +0 robe (worn)
 v - a +1 helmet (worn)
 z - a +0 cloak (worn)
Magical Staves
 x - a staff of death
Jewellery
 k - a ring of protection from fire (left hand)
 r - a ring of protection from fire (right hand)
 t - an amulet of the acrobat (around neck)
Wands
 o - a wand of quicksilver (5)
Scrolls
 a - a scroll of enchant armour {unknown}
 c - a scroll of blinking {unknown}
 i - 4 scrolls of identify {unknown}
 j - 2 scrolls of vulnerability {unknown}
 m - a scroll of revelation {unknown}
 n - a scroll of fog {unknown}
 p - 3 scrolls of teleportation {unknown}
 s - a scroll of poison {unknown}
 A - a scroll of noise {unknown}
Potions
 d - a potion of magic
 e - a potion of degeneration {unknown}
 f - 4 potions of ambrosia {unknown}
 g - a potion of mutation {unknown}
 h - a potion of cancellation {unknown}
 l - 5 potions of curing {unknown}
 q - a potion of enlightenment {unknown}
 u - a potion of invisibility {unknown}
 w - a potion of lignification {unknown}


   Skills:
 - Level 1.0 Fighting
 - Level 1.0 Armour
 - Level 3.0 Dodging
 - Level 3.0 Stealth
 * Level 6.4 Spellcasting
 + Level 2.8 Conjurations
 - Level 1.1 Summonings
 + Level 0.5 Necromancy
 - Level 1.1 Translocations
 + Level 1.0 Air Magic
 + Level 1.0 Poison Magic
 - Level 1.0 Evocations


You had 8 spell levels left.
You knew the following spells:

 Your Spells              Type           Power      Damage    Failure   Level
a - Magic Dart            Conj           72%        1d6       3%          1
b - Mephitic Cloud        Conj/Pois/Air  13%        N/A       14%         3
c - Call Imp              Summ           22%        N/A       9%          2
d - Blink                 Tloc           22%        N/A       9%          2

Your spell library contained the following spells:

 Spells                   Type           Power      Damage    Failure   Level
 Shock                    Conj/Air       56%        1d6       4%          1
 Slow                     Hex            24%        N/A       10%         1
 Cigotuvi's Dreadful Rot  Necr/Pois/Air  20%        N/A       10%         2
 Swiftness                Air            11%        N/A       19%         3
 Airstrike                Air            5%         2d(1-17)  52%         4


Dungeon Overview and Level Annotations

Branches:
Dungeon (5/15)
 Temple: D:4-7

Altars:
Wu Jian


Message History

You sock the orc!
You kill the orc!
Something hits you but does no damage.
Unknown command.
The orc is engulfed in noxious fumes.
The orc appears confused.
A magic dart appears from out of thin air!
The magic dart hits you.
Casting: Mephitic Cloud (quite dangerous; 14% risk of failure)
Confirm with . or Enter, or press ? or * to list all spells.
Aiming: Mephitic Cloud (quite dangerous; 14% risk of failure)
Press: ? - help, Shift-Dir - straight line, p - orc The ball explodes into a vile cloud!
The stinking cloud engulfs something but does no damage.
You hear an angry hiss.
Unknown command.
Unknown command.
You hit the orc.
The orc changes into a glowing shapeshifter!
The glowing shapeshifter is moderately wounded.
The glowing shapeshifter changes into a water nymph!
Unknown command.
Casting: Mephitic Cloud (quite dangerous; 14% risk of failure)
Confirm with . or Enter, or press ? or * to list all spells.
Aiming: Mephitic Cloud (quite dangerous; 14% risk of failure)
Press: ? - help, Shift-Dir - straight line, f - water nymph
Aim: a water nymph shaped shifter (chance to affect: 53%)
The ball explodes into a vile cloud!
The stinking cloud engulfs the water nymph but does no damage.
The stinking cloud engulfs you but does no damage.
The stinking cloud engulfs something but does no damage.
You are engulfed in noxious fumes.
You choke on the stench!
You are confused.
You hear an angry hiss.
The water nymph changes into a lindwurm!
Something hits you.
Unknown command.
You feel less confused.
The lindwurm is engulfed in noxious fumes.
The lindwurm attacks as it pursues you! The lindwurm bites you!
You die...

##.... #..... ...# #.....
....+ ....# ..... .$. ....#
#... #.# #...#
##...####.##+###...#
+.....○○..<........#
#....@k○☼○.........#
#.....○○°..........#
#.<................#
#####..###....##..<#
###########.#######....######
#...........#....#......#
#...........'....#......#
#..<........#....#......#
#'#####....###..###..#..#


You could see a lindwurm shaped shifter.

Vanquished Creatures
  Crazy Yiuf (D:4)
  Robin (D:3)
  8 adders
  3 gnolls (D:3)
  A worm (D:2)
  A dart slug (D:1)
  2 orcs
  6 bats
  7 endoplasms
  14 goblins
  7 hobgoblins
  10 jackals (D:2)
  4 quokkas
  7 ball pythons
  A frilled lizard (D:1)
  7 kobolds
  7 rats
87 creatures vanquished.

Vanquished Creatures (collateral kills)
  2 goblins (D:3)
2 creatures vanquished.

Grand Total: 89 creatures vanquished

Notes
Turn   | Place    | Note
-------+----------+-------------------------------------------
     0 | D:1      | pokeman the Deep Elf Hedge Wizard began the quest for the
                  | Orb.
     0 | D:1      | Reached XP level 1. HP: 10/10 MP: 7/7
   424 | D:1      | Reached XP level 2. HP: 16/16 MP: 6/9
   769 | D:1      | Found a faded altar of an unknown god.
  1112 | D:1      | Reached skill level 5 in Spellcasting
  1257 | D:2      | Reached XP level 3. HP: 16/20 MP: 2/11
  1261 | D:2      | Learned a level 3 spell: Mephitic Cloud
  1264 | D:2      | Learned a level 2 spell: Call Imp
  1267 | D:2      | Learned a level 2 spell: Blink
  1481 | D:2      | Found an ornate altar of the Wu Jian Council.
  1730 | D:2      | Reached skill level 1 in Armour
  1743 | D:2      | Reached skill level 1 in Fighting
  2156 | D:2      | Reached XP level 4. HP: 25/25 MP: 7/13
  2857 | D:3      | Reached XP level 5. HP: 8/29 MP: 0/15
  2961 | D:3      | Reached skill level 6 in Spellcasting
  3218 | D:3      | Noticed Robin
  3229 | D:3      | Killed Robin
  3662 | D:3      | Reached skill level 1 in Evocations
  4248 | D:4      | Found a runed translucent door.
  4249 | D:4      | Noticed Crazy Yiuf
  5054 | D:4      | Killed Crazy Yiuf
  5055 | D:4      | Reached skill level 1 in Air Magic
  5055 | D:4      | Reached skill level 1 in Poison Magic
  5187 | D:5      | Entered Level 5 of the Dungeon
  5305 | D:5      | an orc changed into a glowing shapeshifter
  5305 | D:5      | Noticed a glowing shapeshifter (glowing shapeshifter)
  5305 | D:5      | a glowing shapeshifter changed into a water nymph
  5305 | D:5      | Noticed a water nymph (glowing shapeshifter)
  5306 | D:5      | a water nymph changed into a lindwurm
  5306 | D:5      | Noticed a lindwurm (glowing shapeshifter)
  5307 | D:5      | Slain by a lindwurm (glowing shapeshifter)

Illustrated notes

Levels and vault maps discovered:
D:1:      dpeg_arrival_refuge, layout_basic, dilly_ecumenical_altar_fadedgnrine
D:2:      layout_basic, basic_altar, corner_web_ring
D:3:      layout_basic, uniq_robin
D:4:      layout_basic, uniq_crazy_yiuf_cottage
D:5:      layout_gridville, minmay_temple_entry_offerings

Skill      XL: |  1  2  3  4  5 |
---------------+----------------+-----
Spellcasting   | 5 6 |  6.4
Armour         | 1 |  1.0
Fighting       | 1 |  1.0
Conjurations   | 2 |  2.8
Dodging        | 3 |  3.0
Stealth        | 3 |  3.0
Evocations     | 1 |  1.0
Air Magic      | 1 |  1.0
Poison Magic   | 1 |  1.0
Summonings     | |  1.1
Necromancy     | |  0.5
Translocations | |  1.1

Action                     |  1- 3 |  4- 6 || total
---------------------------+-------+-------++-------
  Melee: Dagger            |       |    34 ||    34
         Quarterstaff      |       |     6 ||     6
   Cast: Magic Dart        |   114 |   120 ||   234
         Mephitic Cloud    |       |     7 ||     7
         Call Imp          |       |     1 ||     1
   Stab: Confused          |       |     1 ||     1
 Armour: Robe              |     5 |    45 ||    50
  Dodge: Dodged            |    11 |    44 ||    55

Table legend: (Time is in decaauts)
 A = Elapsed time spent in this place.
 B = Non-inter-level travel time spent in this place.
 C = Inter-level travel time spent in this place.
 D = Time resting spent in this place.
 E = Time spent auto-exploring this place.
 F = Levels seen in this place.
 G = Mean time per level.
                   A        B        C        D        E       F      G
               +--------+--------+--------+--------+--------+-----+--------+
         Total |   5306 |   5173 |    133 |     12 |   4671 |   5 | 1061.2 |
       Dungeon |   5306 |   5173 |    133 |     12 |   4671 |   5 | 1061.2 |
               +--------+--------+--------+--------+--------+-----+--------+

Top non-repeatable levels by time:
     D:2: 1459 daAuts
     D:3: 1370 daAuts
     D:1: 1212 daAuts
     D:4: 1142 daAuts
     D:5: 121 daAuts
